 Dungeon Crawl Stone Soup version 0.21.1-1-g345015f (webtiles) character file.

3185 Exporg the Spear-Bearer (level 9, -12/79 HPs)
             Began as a Minotaur Gladiator on June 23, 2018.
             Was a Follower of Okawaru.
             Mangled by an orc warrior
             ... wielding a +0 war axe
              (24 damage)
             ... on level 7 of the Dungeon.
             The game lasted 00:09:26 (5418 turns).

Exporg the Spear-Bearer (Minotaur Gladiator)        Turns: 5418, Time: 00:09:27

Health: -12/79     AC: 18    Str: 22    XL:     9   Next: 64%
Magic:  8/8        EV: 10    Int:  5    God:    Okawaru [*.....]
Gold:   686        SH:  0    Dex: 12    Spells: 8/8 levels left

rFire    . . .     SeeInvis .   B - +4 scythe (protect)
rCold    . . .     Gourm    .   (shield currently unavailable)
rNeg     . . .     Faith    .   k - +0 chain mail
rPois    +         Spirit   .   c - +0 hat
rElec    .         Reflect  .   (no cloak)
rCorr    .         Harm     .   (no gloves)
MR       .....                  (no boots)
Stlth    ..........             (no amulet)
HPRegen  0.23/turn              u - +1 ring of protection
MPRegen  0.11/turn              D - ring of poison resistance

@: protection aura, drained
A: retaliatory headbutt, horns 2
a: Heroism, Renounce Religion


You were on level 7 of the Dungeon.
You worshipped Okawaru.
Okawaru was aware of your devotion.
You were not hungry.

You visited 2 branches of the dungeon, and saw 8 of its levels.

You collected 865 gold pieces.
You spent 156 gold pieces at shops.
You paid 23 gold pieces to Gozag.

Inventory:

Hand Weapons
 a - a +0 trident
 A - a +1 scythe
 B - a +4 scythe of protection (weapon)
Missiles
 d - 4 throwing nets (quivered)
Armour
 b - a +0 leather armour
 c - a +0 hat (worn)
 k - a +0 chain mail (worn)
Jewellery
 u - a +1 ring of protection (left hand)
 D - a ring of poison resistance (right hand)
Wands
 w - a wand of random effects (26)
 C - a wand of iceblast (8)
Scrolls
 e - 7 scrolls of identify
 l - a scroll of amnesia
 m - a scroll of noise {unknown}
 o - 2 scrolls of random uselessness {unknown}
 p - 2 scrolls of remove curse {unknown}
 s - a scroll of fog
 v - a scroll of fear {unknown}
 x - 2 scrolls of enchant weapon
 y - a scroll of teleportation
 z - a scroll of magic mapping {unknown}
Potions
 g - a potion of agility
 h - a potion of curing {unknown}
 i - a potion of ambrosia {unknown}
 j - a potion of lignification {unknown}
 n - 3 potions of heal wounds {unknown}
 q - a potion of degeneration {unknown}
 r - 2 potions of brilliance {unknown}
 t - 3 potions of haste {unknown}
 E - 2 potions of resistance {unknown}
 G - a potion of invisibility {unknown}
Comestibles
 f - 8 rations


   Skills:
 + Level 7.5(7.1) Fighting
 + Level 12.2(11.8) Polearms
 + Level 2.0(1.7) Throwing
 + Level 6.9(6.5) Armour
 + Level 4.7(4.3) Dodging
 + Level 1.1(0.7) Stealth


You had 8 spell levels left.
You didn't know any spells.

Dungeon Overview and Level Annotations

Branches:
Dungeon (7/15)             Temple (1/1) D:4

Altars:
Ashenzari
Cheibriados
Dithmenos
Gozag
Kikubaaqudgha
Makhleb
Okawaru
Qazlal
Ru
Sif Muna
Trog
Uskayaw
Vehumet
Wu Jian
Xom
The Shining One

Shops:
D:4 }   D:5 :   D:6 (


Innate Abilities, Weirdness & Mutations

You reflexively headbutt those who attack you in melee.
You have a pair of horns on your head.


Message History

You slash the quokka!
You kill the quokka!
Okawaru accepts your kill.
The orc warrior hits you but does no damage.
The orc priest barely misses you. You furiously retaliate!
You headbutt the orc priest. The orc warrior closely misses you.
The orc warrior rages.
You hit the orc warrior.
The orc warrior is lightly wounded.
The orc warrior hits you with a war axe!
You slash the orc warrior! You headbutt the orc warrior.
The orc warrior is heavily wounded.
The orc warrior hits you with a war axe!!
* * * LOW HITPOINT WARNING * * *
The orc warrior hits you with a war axe.
* * * LOW HITPOINT WARNING * * *
You closely miss the orc warrior.
The orc warrior is heavily wounded.
The orc warrior hits you with a war axe!!
You die...

######...........#
#...........
###........
#........#.
#.########
#.##....# #.##....#
###.######.##....##
.....ooo@...+.....#
......o#..........#
..########'''######
#####...#######
#§###...###§###
.§.##.⌠.##§.§##
§§§§#...#§§§§§#
.§§##...##§§§##
#§###...###§###


You could see an orc warrior (berserk), an orc priest and 2 orcs.

Vanquished Creatures
  The ghost of Trampli the Firebug, a novice GrFE of Vehumet (D:7)
  Sigmund (D:5)
  A hungry ghost (D:7)
  A water moccasin (D:5)
  A sky beast (D:5)
  4 ice beasts
  A phantom (D:7)
  2 ogres
  2 centaurs
  2 bullfrogs (D:6)
  2 scorpions (D:6)
  6 wights (D:7)
  8 crimson imps
  A centaur zombie (D:7)
  2 hounds (D:6)
  An orc priest (D:6)
  A centaur skeleton (D:6)
  6 orc wizards
  7 worker ants
  A hound zombie (D:5)
  7 gnolls
  7 adders
  2 oozes
  2 adder skeletons
  3 worms
  A dart slug (D:3)
  4 leopard geckos
  27 orcs
  5 giant cockroaches
  5 goblins
  9 hobgoblins
  2 jackals (D:2)
  7 quokkas
  3 ball pythons
  7 bats
  7 frilled lizards
  3 kobolds
  10 rats
162 creatures vanquished.

Vanquished Creatures (others)
  A quokka (D:7)
1 creature vanquished.

Grand Total: 163 creatures vanquished

Notes
Turn   | Place    | Note
-------+----------+-------------------------------------------
     0 | D:1      | Exporg the Minotaur Gladiator began the quest for the Orb.
     0 | D:1      | Reached XP level 1. HP: 18/18 MP: 0/0
   162 | D:1      | Reached skill level 4 in Polearms
   162 | D:1      | Reached XP level 2. HP: 25/25 MP: 1/1
   788 | D:2      | Reached XP level 3. HP: 30/30 MP: 2/2
   827 | D:2      | Found an opulent altar of Gozag.
  1027 | D:2      | Reached skill level 5 in Polearms
  1032 | D:2      | Reached XP level 4. HP: 28/37 MP: 3/3
  1057 | D:2      | Reached skill level 1 in Armour
  1520 | D:2      | Became a worshipper of Gozag Ym Sagoz the Greedy
  1681 | D:3      | Reached XP level 5. HP: 43/45 MP: 4/4
  1749 | D:3      | Found a faded altar of an unknown god.
  1861 | D:3      | Reached skill level 6 in Polearms
  2206 | D:4      | Found Pilor's Gadget Emporium.
  2295 | D:4      | Reached XP level 6. HP: 39/51 MP: 5/5
  2423 | D:4      | Found a shimmering altar of Xom.
  2486 | D:4      | Reached skill level 7 in Polearms
  2573 | D:4      | Found a staircase to the Ecumenical Temple.
  2589 | Temple   | Entered the Ecumenical Temple
  3048 | D:4      | Reached XP level 7. HP: 55/58 MP: 6/6
  3112 | D:5      | Entered Level 5 of the Dungeon
  3142 | D:5      | Reached skill level 8 in Polearms
  3147 | D:5      | Reached skill level 1 in Stealth
  3759 | D:5      | Noticed Sigmund
  3778 | D:5      | Killed Sigmund
  3778 | D:5      | Reached skill level 5 in Fighting
  3778 | D:5      | Reached skill level 9 in Polearms
  3778 | D:5      | Reached XP level 8. HP: 65/68 MP: 7/7
  3883 | D:5      | Found Coifourgh's Book Emporium.
  4068 | D:5      | Reached skill level 5 in Armour
  4316 | D:6      | Reached skill level 10 in Polearms
  4320 | D:6      | Found Woshri's Antique Weapon Emporium.
  4331 | D:6      | Bought a runed scythe for 156 gold pieces
  4361 | D:6      | Found an iron altar of Okawaru.
  4399 | D:6      | Fell from the grace of Gozag
  4399 | D:6      | Became a worshipper of Warmaster Okawaru
  4610 | D:6      | Found a bloodstained altar of Trog.
  4720 | D:6      | Found a shadowy altar of Dithmenos.
  4777 | D:6      | Reached XP level 9. HP: 77/77 MP: 8/8
  4851 | D:6      | Found a burning altar of Makhleb.
  4918 | D:6      | Reached skill level 11 in Polearms
  5070 | D:7      | Reached * piety under Okawaru
  5146 | D:7      | Noticed Trampli's ghost (novice GrFE)
  5161 | D:7      | Killed Trampli's ghost
  5359 | D:7      | Reached skill level 12 in Polearms
  5418 | D:7      | Mangled by an orc warrior

Skill      XL: |  1  2  3  4  5  6  7  8  9 |
---------------+----------------------------+-----
Polearms       | 4 5 6 7 9 10 12 | 12.2
Dodging        | 4 |  4.7
Armour         | 1 2 3 4 6 |  6.9
Fighting       | 3 5 6 7 |  7.5
Stealth        | 1 |  1.1
Throwing       | |  2.0

Action                   |  1- 3 |  4- 6 |  7- 9 || total
-------------------------+-------+-------+-------++-------
Melee: Trident           |    85 |   192 |    77 ||   354
       Headbutt          |     7 |    32 |    42 ||    81
       Scythe            |       |       |   137 ||   137
  Use: Scroll            |       |       |     5 ||     5
       Potion            |       |       |     1 ||     1
 Stab: Distracted        |       |     2 |       ||     2
  Eat: Chunk             |       |     3 |     1 ||     4
       Ration            |       |     1 |     3 ||     4
Armor: Leather armour    |    10 |       |       ||    10
       Chain mail        |    11 |    64 |   105 ||   180
Dodge: Dodged            |    25 |    61 |    99 ||   185
